 Dungeon Crawl Stone Soup version 0.28-a0-1594-ga885d4b3d6 (webtiles) character file.

Game seed: 17741069668077111962

925 riojii the Changer (level 8, -12/51 HPs)
             Began as an Octopode Transmuter on Jan 20, 2022.
             Was an Initiate of Makhleb.
             Killed from afar by Maggie (18 damage)
             ... with a bolt of fire
             ... on level 6 of the Dungeon.
             The game lasted 00:14:27 (6554 turns).

riojii the Changer (Octopode Transmuter)            Turns: 6554, Time: 00:14:28

Health: -12/51     AC:  6    Str:  9    XL:     8   Next: 10%
Magic:  11/12      EV: 21    Int: 21    God:    Makhleb [......]
Gold:   181        SH:  0    Dex: 20    Spells: 5/13 levels left

rFire   . . .      SeeInvis +     - Unarmed
rCold   . . .      Faith    .   (shield currently unavailable)
rNeg    . . .      Spirit   .   (helmet currently unavailable)
rPois   x          Reflect  .   (no amulet)
rElec   .          Harm     .   a - ring of resist corrosion
rCorr   +          Rampage  .   g - +6 ring of intelligence
Will    +....                   c - +4 ring of protection
Stlth   ++........              d - ring of willpower
HPRegen 0.17/turn               o - ring of see invisible
MPRegen 0.13/turn               (no ring)
                                (no ring)
                                (no ring)

@: spider-form, mesmerised
A: venomous fangs, almost no armour, (amphibious), 8 rings, tiny, (camouflage
1), (gelatinous body 1), (nimble swimmer 1), (tentacles), (iridescent scales 1)
a: End Transformation, Renounce Religion


You were on level 6 of the Dungeon.
You worshipped Makhleb.
Makhleb was noncommittal.
You were a venomous arachnid creature.
You visited 2 branches of the dungeon, and saw 7 of its levels.

You collected 181 gold pieces.

Inventory:

Missiles
 b - 2 throwing nets
 i - 7 poisoned darts
Jewellery
 a - a ring of resist corrosion (left front leg)
 c - a +4 ring of protection (on tentacle)
 d - a ring of willpower (on tentacle)
 g - a +6 ring of intelligence (right front leg)
 o - a ring of see invisible (on tentacle)
 p - an amulet of faith
Wands
 f - a wand of iceblast (12)
Scrolls
 l - a scroll of enchant weapon
 m - a scroll of amnesia
 n - a scroll of immolation
Potions
 e - a potion of attraction
 h - 2 potions of curing
 j - a potion of invisibility {unknown}
 k - a potion of brilliance


   Skills:
 + Level 2.6 Fighting
 + Level 3.1 Dodging
 * Level 4.6 Unarmed Combat
 + Level 3.0 Spellcasting
 * Level 5.7 Transmutations
 - Level 3.0 Ice Magic
 - Level 3.0 Poison Magic


You had 5 spell levels left.
You knew the following spells:

 Your Spells              Type           Power      Damage    Failure   Level
a - Beastly Appendage     Tmut           54%        N/A       6%          1
b - Spider Form           Tmut/Pois      21%        N/A       19%         3
c - Ice Form              Ice/Tmut       21%        N/A       43%         4

Your spell library contained the following spells:

 Spells                   Type           Power      Damage    Failure   Level
 Wereblood                Tmut           27%        N/A       8%          2
 Passwall                 Tmut/Erth      12%        N/A       17%         2
 Ensorcelled Hibernation  Hex/Ice        18%        N/A       26%         2
 Magic Dart               Conj           12%        1d3       30%         1
 Sandblast                Erth           6%         2d5       30%         1
 Call Imp                 Summ           3%         N/A       41%         2
 Mephitic Cloud           Conj/Pois/Air  7%         N/A       47%         3
 Stone Arrow              Conj/Erth      6%         3d7       58%         3
 Tukima's Dance           Hex            3%         N/A       58%         3
 Yara's Violent Unravell  Hex/Tmut       7%         3d5       89%         5
 Anguish                  Hex/Necr       1%         N/A       91%         4
 Passage of Golubria      Tloc           3%         N/A       91%         4


Dungeon Overview and Level Annotations

Branches:
Dungeon (6/15)             Temple (1/1) D:6

Altars:
Cheibriados
Elyvilon
Gozag
Hepliaklqana
Kikubaaqudgha
Makhleb
Nemelex Xobeh
Okawaru
Ru
Sif Muna
Trog
Uskayaw
Vehumet
Wu Jian
Xom
Yredelemnul
Zin
The Shining One

Shops:
D:3 *   D:5 :

Annotations:
D:3 3 runed translucent doors, soggyman666's ghost, amateur TrWr
D:6 Maggie; Menkaure


Innate Abilities, Weirdness & Mutations

You are a venomous arachnid creature.
You have poisonous fangs.
You are tiny and dextrous.
Your spellcasting is less reliable in this form.
Your armour is entirely melded.
You are incapable of wielding weapons or throwing items.
You cannot wear most types of armour.
((You are amphibious.))
You can wear up to eight rings at the same time.
((Your skin changes colour to match your surroundings (Stealth+).))
((Your rubbery body absorbs attacks. (AC +1, EV +1)))
((You are camouflaged when in or above water. (Stealth+)))
((You have tentacles for arms and can constrict up to eight enemies at once.))
((You are partially covered in iridescent scales. (AC +2)))


Message History

Maggie closely misses you.
There is an open door here.
You barely miss Maggie.
Maggie gestures wildly while chanting.
Maggie attempts to bespell you!
You are mesmerised by Maggie!
You hit Maggie but do no damage.
Maggie is poisoned.
Maggie closely misses you.
Menkaure, Prince of Dust comes into view.
Menkaure shouts!
You hit Maggie.
Maggie looks as sick as possible!
Maggie is lightly wounded.
Maggie smiles, but it's obviously fake.
Maggie misses you.
You bite Maggie!
Maggie is moderately wounded.
Maggie smiles, but it's obviously fake.
Maggie gestures at you while chanting. The bolt of fire misses you.
You hit Maggie.
Maggie is heavily wounded.
Menkaure mumbles in an indecipherable tongue.
Menkaure calls on the powers of darkness!
The orc wizard convulses!
The orc priest convulses!
Maggie convulses!
Your body is wracked with pain!
* * * LOW HITPOINT WARNING * * *
The orc wizard gestures wildly while chanting.
The orc wizard flickers and vanishes for a moment.
Maggie completely misses you.
You feel better.
An orc comes into view. It is wielding a +0 short sword.
Maggie hits you with a +0 halberd of flaming!
* * * LOW HITPOINT WARNING * * *
Maggie burns you.
* * * LOW HITPOINT WARNING * * *
You cannot move away from Maggie!
You hit Maggie but do no damage.
Maggie is severely wounded.
Maggie casts a spell at you. The bolt of fire hits you!!
You die...

###### #....############
. #................
...o#####................
....Moo@s.........#...#..
....#####........##...##.
. #.......##.....##
#......##..#.#..#
#.........##.##..
#########...##...##.
...............>....
#############....##...##.
#.........# #.....##.##..


You could see Maggie (mesmerising, extremely poisoned), Menkaure, an orc priest
(resistant), an orc wizard (invisible) and an orc.

Vanquished Creatures
  A sky beast (D:5)
  3 ogres (D:5)
  The ghost of Lobster4 the Caller, an amateur BaSu (D:4)
  2 hounds
  A centaur zombie (D:5)
  An orc priest (D:5)
  Jessica (D:2)
  A centaur skeleton (D:4)
  2 iguanas (D:5)
  An orc wizard (D:5)
  Natasha (twice) (D:2)
  A hound skeleton (D:5)
  A howler monkey skeleton (D:5)
  4 gnolls
  4 adders
  A shadow imp (D:6)
  A white imp (D:5)
  A worm (D:3)
  3 dart slugs
  16 orcs
  2 endoplasms
  4 giant cockroaches
  3 goblins
  6 hobgoblins
  3 jackals (D:5)
  6 kobolds
  5 quokkas
  5 ball pythons
  6 bats
  A frilled lizard (D:1)
  8 rats
97 creatures vanquished.

Vanquished Creatures (others)
  A bat (D:2)
1 creature vanquished.

Grand Total: 98 creatures vanquished

Notes
Turn   | Place    | Note
-------+----------+-------------------------------------------
     0 | D:1      | riojii the Octopode Transmuter began the quest for the Orb.
     0 | D:1      | Reached XP level 1. HP: 13/13 MP: 3/3
    99 | D:1      | Reached XP level 2. HP: 6/18 MP: 1/5
   293 | D:1      | Found a faded altar of an unknown god.
  1073 | D:1      | Reached XP level 3. HP: 23/23 MP: 4/6
  1838 | D:1      | Gained mutation: You are partially covered in iridescent
                  | scales. (AC +2) [potion of mutation]
  2180 | D:2      | Learned a level 3 spell: Spider Form
  2432 | D:2      | Noticed Jessica
  2435 | D:2      | Killed Jessica
  2436 | D:2      | Reached skill level 1 in Poison Magic
  2436 | D:2      | Reached XP level 4. HP: 28/28 MP: 5/7
  2591 | D:2      | Noticed Natasha
  2598 | D:2      | Killed Natasha
  2599 | D:2      | Reached skill level 3 in Transmutations
  2690 | D:2      | Noticed Natasha
  2710 | D:2      | Killed Natasha
  2711 | D:2      | Reached XP level 5. HP: 34/34 MP: 6/8
  2737 | D:2      | Learned a level 4 spell: Ice Form
  3000 | D:3      | Found a bloodstained altar of Trog.
  3196 | D:3      | Found a runed translucent gate.
  3196 | D:3      | Found a runed translucent gate.
  3196 | D:3      | Found a runed translucent gate.
  3198 | D:3      | Found an opulent altar of Gozag.
  3201 | D:3      | Noticed soggyman666's ghost (amateur TrWr)
  3277 | D:3      | Reached skill level 1 in Ice Magic
  3294 | D:3      | Found Upor's Assorted Antiques.
  3865 | D:4      | Found a runed translucent gate.
  3992 | D:4      | Found a runed translucent gate.
  3993 | D:4      | Found a runed translucent gate.
  3997 | D:4      | Noticed Lobster4's ghost (amateur BaSu)
  4022 | D:4      | Reached XP level 6. HP: 33/39 MP: 7/9
  4188 | D:4      | Found a glowing silver altar of Zin.
  4338 | D:4      | Killed Lobster4's ghost
  4554 | D:5      | Entered Level 5 of the Dungeon
  4698 | D:5      | Reached skill level 4 in Transmutations
  4953 | D:5      | Noticed a sky beast
  4972 | D:5      | Killed a sky beast
  4973 | D:5      | Reached skill level 5 in Transmutations
  4973 | D:5      | Reached XP level 7. HP: 20/44 MP: 5/10
  5614 | D:5      | Found Jurchops's Book Shoppe.
  5694 | D:5      | Reached XP level 8. HP: 51/51 MP: 8/12
  6056 | D:6      | Found a snail-covered altar of Cheibriados.
  6169 | D:6      | Found a staircase to the Ecumenical Temple.
  6175 | Temple   | Entered the Ecumenical Temple
  6381 | Temple   | Became a worshipper of Makhleb the Destroyer
  6535 | D:6      | Noticed Maggie
  6549 | D:6      | Noticed Menkaure
  6554 | D:6      | Killed from afar by Maggie

Illustrated notes

Levels and vault maps discovered:
D:1:      dpeg_arrival_boxes_within_box, layout_basic,
          hellmonk_ecumenical_altar_lost_god
D:2:      layout_loops_cross, palyth_stone_intersect, lemuel_old_faithful,
          uniq_jessica, uniq_natasha
D:3:      layout_loops_cross, mainiacjoe_overflow_paths, ebering_ghost_gozag,
          serial_shops, nicolae_shop_crystal
D:4:      layout_rooms, zin_treasury, ebering_ghost_rock_garden,
          ebering_dispersal_statue_hall
D:5:      layout_loops_ring, serial_shops, nicolae_diamond_shop, serial_glass,
          glass_columns_a, glass_columns_a, minmay_misc_feat_more_columns,
          grunt_ministairs_3, corner_web_ring
D:6:      layout_basic, kennysheep_slug_shrine, lemuel_doored_altar,
          nicolae_dithmenos_the_darkroom, minmay_temple_entry_waves,
          st_stairs_3, uniq_prince_ribbit1, uniq_crazy_yiuf_cottage,
          uniq_maggie, uniq_menkaure
Temple:   regret_index_temple_generic_petals

Skill      XL: |  1  2  3  4  5  6  7  8 |
---------------+-------------------------+-----
Poison Magic   | 1 3 |  3.0
Transmutations | 3 5 |  5.7
Ice Magic      | 2 3 |  3.0
Fighting       | 2 |  2.6
Unarmed Combat | 4 |  4.6
Dodging        | 3 |  3.1
Spellcasting   | 3 |  3.0

Action                   |  1- 3 |  4- 6 |  7- 9 || total
-------------------------+-------+-------+-------++-------
Melee: Unarmed           |    47 |   146 |    85 ||   278
       Constrict         |    14 |    31 |    12 ||    57
       Kick              |     8 |    30 |    26 ||    64
       Tentacles         |     5 |    28 |    14 ||    47
       Punch             |     1 |     3 |     2 ||     6
 Cast: Beastly Appendage |    21 |    30 |    10 ||    61
       Spider Form       |       |     5 |     6 ||    11
  Use: Scroll            |     3 |     5 |     5 ||    13
       Potion            |     1 |     3 |     1 ||     5
 Stab: Sleeping          |     5 |     9 |     2 ||    16
Armor: Skin              |     6 |    38 |     6 ||    50
Dodge: Dodged            |    16 |    83 |    58 ||   157

Table legend: (Time is in decaauts)
 A = Elapsed time spent in this place.
 B = Non-inter-level travel time spent in this place.
 C = Inter-level travel time spent in this place.
 D = Time resting spent in this place.
 E = Time spent auto-exploring this place.
 F = Levels seen in this place.
 G = Mean time per level.
                   A        B        C        D        E       F      G
               +--------+--------+--------+--------+--------+-----+--------+
         Total |   6546 |   6409 |    137 |    771 |   4678 |   7 |  935.1 |
       Dungeon |   6307 |   6202 |    105 |    771 |   4480 |   6 | 1051.2 |
        Temple |    238 |    206 |     32 |      0 |    198 |   1 |  238.0 |
               +--------+--------+--------+--------+--------+-----+--------+

Top non-repeatable levels by time:
     D:1: 1849 daAuts
     D:5: 1484 daAuts
     D:3: 1033 daAuts
     D:2: 888 daAuts
     D:4: 786 daAuts
     D:6: 265 daAuts
  Temple: 238 daAuts
